[Event "ICC tourney 2601 (40 5)"]
[Site "Internet Chess Club"]
[Date "2021.06.12"]
[Round "3"]
[White "WU, WINSTON:K01-30022609"]
[Black "SU, WINTER:K01-30067922"]
[Result "0-1"]
[ICCResult "White checkmated"]
[WhiteElo "1214"]
[BlackElo "912"]
[Opening "Giuoco Pianissimo"]
[ECO "C55"]
[NIC "IG.01"]
[Time "17:00:32"]
[PlyCount "102"]
[TimeControl "2400+5"]

1. e4 e5 2. Nf3 Nc6 3. Bc4 Nf6 4. d3 Bc5 5. c3 d6 6. a4 a5 7. O-O O-O 8.
Nbd2 Be6 9. h3 h6 10. Ba2 Bxa2 11. Rxa2 d5 12. Re1 dxe4 13. Nxe4 Nxe4 14.
Rxe4 Qd5 15. c4 Qd6 16. b3 f5 17. Re1 Rad8 18. Rc2 e4 19. Nh2 Qxd3 20. Rd2
Qc3 21. Rxd8 Rxd8 22. Qe2 Nd4 23. Qf1 Qxb3 24. Be3 Qxa4 25. Ra1 Qb3 26. Rb1
Ne2+ 27. Kh1 Qxc4 28. Bxc5 Qxc5 29. Qxe2 b6 30. Nf1 a4 31. Qa2+ Kh7 32. Ne3
b5 33. Qe6 a3 34. Qb3 f4 35. Nc2 Qxf2 36. Ne1 f3 37. Qe6 Qe2 38. gxf3 Rd2
39. Qxe4+ Qxe4 40. fxe4 a2 41. Ra1 b4 42. Nf3 Rf2 43. Nd4 c5 44. Nf5 b3 45.
Kg1 Rd2 46. Kf1 b2 47. Re1 b1=Q 48. Ne3 a1=Q 49. Ng2 Qa6+ 50. Kg1 Qg6 51.
Rxb1 Qxg2# { White checkmated } 0-1

[Event "ICC tourney 2601 (40 5)"]
[Site "Internet Chess Club"]
[Date "2021.06.12"]
[Round "3"]
[White "ZOU, ANDREW:K01-30100762"]
[Black "INDUKURI, SUHAS:K01-16887781"]
[Result "1-0"]
[ICCResult "Black checkmated"]
[WhiteElo "1301"]
[BlackElo "836"]
[Opening "Sicilian: Anderssen variation"]
[ECO "B41"]
[NIC "SI.41"]
[Time "17:00:18"]
[PlyCount "121"]
[TimeControl "2400+5"]

1. e4 c5 2. Nf3 e6 3. d4 cxd4 4. Nxd4 Nf6 5. Nc3 Nc6 6. Ndb5 d6 7. Bg5 a6
8. Bxf6 gxf6 9. Nd4 Bg7 10. Be2 O-O 11. O-O Kh8 12. Qd2 Rg8 13. Rad1 Bf8
14. Kh1 f5 15. exf5 exf5 16. Nf3 Be6 17. Nd5 Bxd5 18. Qxd5 Qf6 19. c3 Qe6
20. Bc4 Qg6 21. Rg1 Nd8 22. Nh4 Qe6 23. Nxf5 Qxd5 24. Rxd5 Rg6 25. Rgd1 Nc6
26. Nxd6 Bxd6 27. Rxd6 Rxd6 28. Rxd6 Re8 29. h3 Re1+ 30. Kh2 Rb1 31. b4 Rc1
32. Bxa6 Rxc3 33. Bxb7 Nxb4 34. a4 Ra3 35. Rd4 Nc2 36. Rc4 Ra2 37. Rc8+ Kg7
38. Bd5 Rb2 39. a5 Nb4 40. Bc4 Rc2 41. a6 Nd5 42. Bxd5 Rxc8 43. a7 Rd8 44.
a8=Q Rxa8 45. Bxa8 Kf6 46. Kg3 Kg5 47. h4+ Kh5 48. Bf3+ Kg6 49. Kf4 f6 50.
h5+ Kg7 51. Kf5 h6 52. Bd5 Kh7 53. Kxf6 Kh8 54. Be4 Kg8 55. Kg6 Kh8 56.
Kxh6 Kg8 57. g4 Kh8 58. g5 Kg8 59. g6 Kh8 60. g7+ Kg8 61. Bd5# { Black
checkmated } 1-0

[Event "ICC tourney 2601 (40 5)"]
[Site "Internet Chess Club"]
[Date "2021.06.12"]
[Round "3"]
[White "AYYAPPAN, SANTHOSH:K01-16959235"]
[Black "HANKE, HARVEY:K01-17137475"]
[Result "0-1"]
[ICCResult "White resigns"]
[WhiteElo "1641"]
[BlackElo "1132"]
[Opening "Ruy Lopez: Schliemann defense"]
[ECO "C63"]
[NIC "RL.06"]
[Time "17:00:13"]
[PlyCount "130"]
[TimeControl "2400+5"]

1. e4 e5 2. Nf3 Nc6 3. Bb5 f5 4. d3 fxe4 5. dxe4 Nf6 6. Qd3 Bc5 7. Qc4 d6
8. b4 Bb6 9. Bxc6+ bxc6 10. Qxc6+ Bd7 11. Qc4 Qe7 12. O-O Be6 13. Qc6+ Kf7
14. Ng5+ Kg6 15. Qc3 Bd4 16. Qg3 Nh5 17. Qf3 Rhf8 18. Qe2 Bxa1 19. Nxh7
Kxh7 20. Qxh5+ Kg8 21. a3 Bd4 22. Nd2 Qf7 23. Qe2 a5 24. b5 Qg6 25. Kh1 Bc5
26. a4 Rf7 27. f3 Raf8 28. Re1 Qh5 29. Nf1 g6 30. Ng3 Qh4 31. Be3 Bxe3 32.
Qxe3 Rh7 33. Nf1 Bc4 34. h3 Bxf1 35. Rxf1 g5 36. Kg1 Qg3 37. Qb3+ Kh8 38.
Qe6 Qf4 39. Qb3 g4 40. hxg4 Qh2+ 41. Kf2 Rhf7 42. c4 Rxf3+ 43. Qxf3 Rxf3+
44. Kxf3 Qf4+ 45. Ke2 Qxg4+ 46. Ke3 Qxg2 47. Rf2 Qg3+ 48. Rf3 Qe1+ 49. Kd3
Qd1+ 50. Ke3 Qxa4 51. Rf8+ Kg7 52. Rd8 Qxc4 53. Rd7+ Kf6 54. b6 Qc5+ 55.
Kf3 Qxb6 56. Rh7 Qb3+ 57. Kg4 Qd1+ 58. Kg3 Qd3+ 59. Kf2 Qxe4 60. Rxc7 a4
61. Rc3 Qd4+ 62. Re3 a3 63. Ke2 a2 64. Ra3 a1=Q 65. Rxa1 Qxa1 { White
resigns } 0-1

[Event "ICC tourney 2601 (40 5)"]
[Site "Internet Chess Club"]
[Date "2021.06.12"]
[Round "3"]
[White "SHANGIN, LEV:K01-17117362"]
[Black "CHANG, ANDREW:K01-30098602"]
[Result "1-0"]
[ICCResult "Black checkmated"]
[WhiteElo "1044"]
[BlackElo "774"]
[Opening "QGD: 6.Nf3"]
[ECO "D55"]
[NIC "QO.13"]
[Time "17:00:44"]
[PlyCount "71"]
[TimeControl "2400+5"]

1. d4 d5 2. c4 e6 3. Nc3 Nf6 4. Bg5 Be7 5. Nf3 O-O 6. e3 Nc6 7. Be2 b6 8.
O-O Bb7 9. cxd5 Nxd5 10. Bxe7 Qxe7 11. Rc1 Rad8 12. Nxd5 exd5 13. Qa4 Rd6
14. Bb5 Nd8 15. Qxa7 c6 16. Bd3 Ne6 17. Qxb6 Rb8 18. Ne5 c5 19. Qa5 cxd4
20. exd4 Ra8 21. Qb4 Nf4 22. Bb5 Qf6 23. Rc7 Qg5 24. g3 Rb6 25. Qc5 Nh3+
26. Kh1 Qh6 27. Nxf7 Qg6 28. Ne5 Qh6 29. Rxb7 Rxb7 30. Qxd5+ Kh8 31. Nf7+
Kg8 32. Nxh6+ Kh8 33. Qxb7 Rf8 34. Qd5 g6 35. Qe5+ Rf6 36. Qxf6# { Black
checkmated } 1-0

[Event "ICC tourney 2601 (40 5)"]
[Site "Internet Chess Club"]
[Date "2021.06.12"]
[Round "3"]
[White "YE, WANRU:K01-30135407"]
[Black "LOKHOV, MICHAEL VINCE:K01-17191193"]
[Result "1/2-1/2"]
[ICCResult "Game drawn because neither player has mating material"]
[WhiteElo "684"]
[BlackElo "395"]
[Opening "Four knights: double Ruy Lopez"]
[ECO "C49"]
[NIC "KP.03"]
[Time "17:01:10"]
[PlyCount "119"]
[TimeControl "2400+5"]

1. e4 e5 2. Nf3 Nc6 3. Nc3 Nf6 4. Bb5 Bb4 5. Bxc6 dxc6 6. a3 Bxc3 7. bxc3
O-O 8. O-O Bg4 9. h3 Bh5 10. d4 Nxe4 11. Bd2 Nxd2 12. Qxd2 Bxf3 13. gxf3 c5
14. Rad1 Qd5 15. dxe5 Qxe5 16. Rfe1 Qf6 17. Qe3 Qg6+ 18. Kh2 Qxc2 19. Rd2
Qf5 20. Red1 h6 21. Rd5 Qe6 22. Rxc5 Qxe3 23. fxe3 c6 24. Rd7 Rfe8 25. Rxb7
Rxe3 26. Kg2 Re6 27. Rc7 Rd6 28. R5xc6 Rxc6 29. Rxc6 Kh7 30. Rc7 f5 31. Rf7
Kg6 32. Re7 a5 33. c4 Rc8 34. Ra7 Rxc4 35. Rxa5 h5 36. Rb5 Kf6 37. Rb6+ Ke5
38. Rb5+ Kf6 39. Rb4 Rc3 40. a4 Ra3 41. f4 g5 42. Kf2 Rxh3 43. a5 Ra3 44.
Rb6+ Kg7 45. a6 gxf4 46. Rd6 h4 47. Kg2 f3+ 48. Kf2 h3 49. Kg3 f2+ 50. Kxf2
Ra2+ 51. Kg1 h2+ 52. Kh1 f4 53. Rd7+ Kg6 54. a7 f3 55. Rd1 Rxa7 56. Kxh2 f2
57. Rf1 Ra2 58. Kg3 Kg5 59. Rxf2 Rxf2 60. Kxf2 { Game drawn because neither
player has mating material } 1/2-1/2

[Event "ICC tourney 2601 (40 5)"]
[Site "Internet Chess Club"]
[Date "2021.06.12"]
[Round "3"]
[White "KASHYAP, MANISHB:K01-16792955"]
[Black "TENDULKAR, OJAS:K01-16963734"]
[Result "1-0"]
[ICCResult "Black checkmated"]
[WhiteElo "1057"]
[BlackElo "1421"]
[Opening "Sicilian: Prins (Moscow) variation"]
[ECO "B55"]
[NIC "SI.01"]
[Time "17:00:16"]
[PlyCount "89"]
[TimeControl "2400+5"]

1. e4 c5 2. Nf3 d6 3. d4 cxd4 4. Nxd4 Nf6 5. f3 g6 6. c4 Bg7 7. Nc3 O-O 8.
Be3 Nc6 9. Be2 Bd7 10. O-O Rc8 11. Qd2 Re8 12. Rac1 a6 13. Rfd1 Ne5 14. b3
Nc6 15. a3 Qa5 16. b4 Qxa3 17. Nc2 Qb3 18. Rb1 Qxc3 19. Qxc3 Nxe4 20. Qd3
Nc3 21. Rbc1 Bf5 22. Qd2 Nxd1 23. Bxd1 Ne5 24. Na3 Nd3 25. Rc2 Ne5 26. Ra2
Nxc4 27. Nxc4 Rxc4 28. Be2 Rcc8 29. Bd4 Bxd4+ 30. Qxd4 Rc1+ 31. Kf2 Be6 32.
Rd2 Rec8 33. Bd3 R1c7 34. g4 Rb8 35. h4 b5 36. h5 Bc4 37. h6 f6 38. g5 Bxd3
39. Rxd3 Rc2+ 40. Kg3 Rc4 41. Qd5+ Kh8 42. gxf6 e5 43. Qxd6 Re8 44. f7 Rcc8
45. Qf6# { Black checkmated } 1-0

[Event "ICC tourney 2601 (40 5)"]
[Site "Internet Chess Club"]
[Date "2021.06.13"]
[Round "4"]
[White "LOKHOV, MICHAEL VINCE:K01-17191193"]
[Black "MARTIN, CHARLOTTE LI:K01-30136112"]
[Result "1-0"]
[ICCResult "Black checkmated"]
[WhiteElo "395"]
[BlackElo "631"]
[Opening "Vienna gambit"]
[ECO "C29"]
[NIC "VG.04"]
[Time "11:00:40"]
[PlyCount "35"]
[TimeControl "2400+5"]

1. e4 e5 2. Nc3 Nf6 3. f4 exf4 4. e5 Ng8 5. Nf3 g6 6. d4 Bg7 7. Bxf4 Ne7 8.
Bc4 Nbc6 9. O-O O-O 10. Qd2 Nf5 11. d5 Na5 12. Bd3 Nh4 13. Bh6 Bxh6 14.
Qxh6 Nxf3+ 15. Rxf3 c6 16. Rh3 Qh4 17. Rxh4 cxd5 18. Qxh7# { Black
checkmated } 1-0

[Event "ICC tourney 2601 (40 5)"]
[Site "Internet Chess Club"]
[Date "2021.06.13"]
[Round "4"]
[White "YU, YANG:K01-30094337"]
[Black "PATEL, RAZA MIKAL:K01-17166561"]
[Result "0-1"]
[ICCResult "White checkmated"]
[WhiteElo "981"]
[BlackElo "595"]
[Opening "Scotch gambit: Dubois-Réti defense"]
[ECO "C55"]
[NIC "KP.02"]
[Time "11:00:24"]
[PlyCount "24"]
[TimeControl "2400+5"]

1. e4 e5 2. Nf3 Nc6 3. d4 exd4 4. Bc4 Nf6 5. e5 d5 6. exd6 Bxd6 7. Nxd4
Nxd4 8. Bxf7+ Kxf7 9. Qxd4 Re8+ 10. Be3 Qe7 11. O-O Qe5 12. Qd2 Qxh2# {
White checkmated } 0-1

[Event "ICC tourney 2601 (40 5)"]
[Site "Internet Chess Club"]
[Date "2021.06.13"]
[Round "4"]
[White "JEHIN, RISHIN:K01-30043660"]
[Black "ZOU, ANDREW:K01-30100762"]
[Result "0-1"]
[ICCResult "White checkmated"]
[WhiteElo "786"]
[BlackElo "1301"]
[Opening "Sicilian: Nimzovich-Rossolimo attack (without ...d6)"]
[ECO "B30"]
[NIC "SI.31"]
[Time "11:00:30"]
[PlyCount "96"]
[TimeControl "2400+5"]

1. e4 c5 2. Nf3 Nc6 3. Bb5 Nf6 4. d3 e6 5. Bg5 Be7 6. Nc3 Nd4 7. Nxd4 cxd4
8. Ne2 Qa5+ 9. Bd2 Qxb5 10. Nxd4 Qxb2 11. Nb3 Qe5 12. O-O O-O 13. Qf3 d5
14. Bf4 dxe4 15. dxe4 Qxe4 16. Qxe4 Nxe4 17. Rad1 b6 18. Rfe1 Nc3 19. Rd3
Ba6 20. Rf3 Ne2+ 21. Kh1 Bb7 22. Rd3 Nxf4 23. Rd7 Nxg2 24. Rc1 Bg5 25. Rb1
Bf3 26. Nd4 Nh4+ 27. Nxf3 Nxf3 28. Kg2 Nh4+ 29. Kg3 Nf5+ 30. Kg4 Bf6 31.
Rg1 Bd4 32. Kg5 Bxf2 33. Rg4 Be3+ 34. Kh5 g6+ 35. Rxg6+ hxg6+ 36. Kg4 Rfd8
37. Rxd8+ Rxd8 38. Kf3 Rd2 39. h4 Rxc2 40. h5 gxh5 41. a4 Rf2+ 42. Ke4 h4
43. Ke5 h3 44. Kf6 h2 45. Ke5 h1=Q 46. Kf6 Qh6+ 47. Ke5 Qf4+ 48. Kf6 Bd4# {
White checkmated } 0-1

[Event "ICC tourney 2601 (40 5)"]
[Site "Internet Chess Club"]
[Date "2021.06.13"]
[Round "4"]
[White "XU, OWEN:K01-30020820"]
[Black "WENG, JOHNSON:K01-30136161"]
[Result "1-0"]
[ICCResult "Black checkmated"]
[WhiteElo "1127"]
[BlackElo "736"]
[Opening "Alekhine's defense"]
[ECO "B02"]
[NIC "AL.10"]
[Time "11:00:53"]
[PlyCount "89"]
[TimeControl "2400+5"]

1. e4 Nf6 2. e5 Nd5 3. c4 Nb6 4. d4 e6 5. Nf3 c5 6. d5 exd5 7. cxd5 d6 8.
Bb5+ Bd7 9. Bxd7+ N8xd7 10. exd6 Bxd6 11. O-O O-O 12. Nc3 Nf6 13. Bg5 Be7
14. Bxf6 Bxf6 15. d6 Nc4 16. Ne4 Bxb2 17. Rb1 b5 18. Nxc5 a6 19. d7 Bf6 20.
Re1 Nb2 21. Qd5 Nc4 22. Re2 Nb6 23. Qc6 Nc4 24. Rbe1 Bc3 25. Re8 Bxe1 26.
Rxd8 Raxd8 27. Nxe1 Ne5 28. Qd5 Ng6 29. Nb7 Ra8 30. d8=Q Raxd8 31. Nxd8 Nf4
32. Qd2 Ne2+ 33. Qxe2 Rxd8 34. Qe7 Rf8 35. Nd3 Rc8 36. g3 Rf8 37. Qa7 Rc8
38. Qxa6 Rf8 39. Qxb5 Rc8 40. a4 Rf8 41. a5 Rc8 42. a6 Rf8 43. a7 Rc8 44.
Qb8 Rxb8 45. axb8=Q# { Black checkmated } 1-0

[Event "ICC tourney 2601 (40 5)"]
[Site "Internet Chess Club"]
[Date "2021.06.13"]
[Round "4"]
[White "TENDULKAR, OJAS:K01-16963734"]
[Black "DANCIG PERLMAN, GOGO:K01-17151222"]
[Result "1-0"]
[ICCResult "Black checkmated"]
[WhiteElo "1421"]
[BlackElo "875"]
[Opening "English: Anglo-Dutch defense"]
[ECO "A96"]
[NIC "HD.14"]
[Time "11:00:28"]
[PlyCount "69"]
[TimeControl "2400+5"]

1. c4 f5 2. Nc3 e6 3. Nf3 Nf6 4. g3 Be7 5. Bg2 O-O 6. O-O d6 7. d4 Nbd7 8.
Rb1 e5 9. Ng5 Nb6 10. dxe5 Ng4 11. Bd5+ Kh8 12. Nf7+ Rxf7 13. Bxf7 Qf8 14.
exd6 Bxd6 15. Bd5 c6 16. Bg2 Nxc4 17. Qd4 Be6 18. h3 Nxf2 19. Qxf2 Bc5 20.
e3 Re8 21. Kh2 Bd5 22. Nxd5 cxd5 23. Qxf5 Qe7 24. Qxd5 Nxe3 25. Bxe3 Bxe3
26. Rf7 Qb4 27. Rbf1 a6 28. Qb3 Qxb3 29. axb3 Bc5 30. Rxb7 a5 31. Rff7 h6
32. Rxg7 Re1 33. Rh7+ Kg8 34. Bd5+ Kf8 35. Rh8# { Black checkmated } 1-0

[Event "ICC tourney 2601 (40 5)"]
[Site "Internet Chess Club"]
[Date "2021.06.13"]
[Round "4"]
[White "ZHAO, ERICA:K01-17156172"]
[Black "HAO, RYAN:K01-17217725"]
[Result "1-0"]
[ICCResult "Black checkmated"]
[WhiteElo "463"]
[BlackElo "135"]
[Opening "two knights defense: Kieseritsky variation"]
[ECO "C58"]
[NIC "KP.01"]
[Time "11:00:32"]
[PlyCount "55"]
[TimeControl "2400+5"]

1. e4 e5 2. Nf3 Nc6 3. Bc4 Nf6 4. Ng5 d5 5. exd5 Na5 6. d3 Nxc4 7. dxc4 Bc5
8. O-O O-O 9. Be3 Bb6 10. Nc3 h6 11. Nf3 Bg4 12. Qe1 Bxf3 13. gxf3 Re8 14.
Kh1 Nh5 15. Rg1 Qf6 16. Qe2 Nf4 17. Qd1 Bxe3 18. fxe3 Nh3 19. Rg2 h5 20.
Qf1 Ng5 21. Ne4 Nxf3 22. Nxf6+ Kh8 23. Nxe8 Rxe8 24. Qxf3 f6 25. Qxh5+ Kg8
26. Qxe8+ Kh7 27. Qg6+ Kh8 28. Qxg7# { Black checkmated } 1-0

[Event "ICC tourney 2601 (40 5)"]
[Site "Internet Chess Club"]
[Date "2021.06.13"]
[Round "4"]
[White "EMERSON COYLE, DELILAH M:K01-16984051"]
[Black "QU, BRIAN:K01-30017435"]
[Result "1-0"]
[ICCResult "Black checkmated"]
[WhiteElo "943"]
[BlackElo "1482"]
[Opening "Giuoco Pianissimo: Italian four knights variation"]
[ECO "C50"]
[NIC "IG.02"]
[Time "11:00:29"]
[PlyCount "51"]
[TimeControl "2400+5"]

1. e4 e5 2. Nf3 Nc6 3. Bc4 Bc5 4. Nc3 Nf6 5. d3 h6 6. Be3 Bb6 7. O-O O-O 8.
Qd2 Kh7 9. d4 exd4 10. Bxd4 Nxd4 11. Nxd4 Bxd4 12. Qxd4 d6 13. Bd3 Kg8 14.
f4 Re8 15. Rf3 c5 16. Qe3 d5 17. Qe1 dxe4 18. Bxe4 Nxe4 19. Rd1 Qe7 20. Nd5
Qd8 21. f5 Ng5 22. Nf6+ Qxf6 23. Qxe8+ Kh7 24. Rf2 Qxb2 25. Rd8 Bd7 26.
Qh8# { Black checkmated } 1-0

[Event "ICC tourney 2601 (40 5)"]
[Site "Internet Chess Club"]
[Date "2021.06.13"]
[Round "4"]
[White "MA, JULIAN:K01-30017413"]
[Black "WU, WINSTON:K01-30022609"]
[Result "0-1"]
[ICCResult "White checkmated"]
[WhiteElo "1236"]
[BlackElo "1214"]
[Opening "French: advance, Euwe variation"]
[ECO "C02"]
[NIC "FR.03"]
[Time "11:00:56"]
[PlyCount "72"]
[TimeControl "2400+5"]

1. e4 e6 2. d4 d5 3. e5 c5 4. c3 Nc6 5. Nf3 Bd7 6. Nbd2 Nge7 7. Nb3 c4 8.
Nc5 Rb8 9. b3 cxb3 10. Nxd7 Qxd7 11. axb3 Nf5 12. Bb5 a6 13. Bd3 Be7 14.
Ba3 Bxa3 15. Rxa3 O-O 16. Ng5 h6 17. Nh3 Qe7 18. Qg4 Qxa3 19. O-O Qe7 20.
Bxf5 exf5 21. Qxf5 Qe6 22. Qd3 Qg6 23. Qd2 Ne7 24. Nf4 Qg5 25. g3 h5 26.
Qe2 Ng6 27. Nxh5 Rbc8 28. f4 Qd8 29. f5 Qg5 30. fxg6 fxg6 31. Nf4 Rxc3 32.
Qg2 Qh6 33. Qxd5+ Kh7 34. Qd6 Rfc8 35. Qa3 Rc2 36. d5 Qxh2# { White
checkmated } 0-1

[Event "ICC tourney 2601 (40 5)"]
[Site "Internet Chess Club"]
[Date "2021.06.13"]
[Round "4"]
[White "MERRIMAN, DANN:K01-17079355"]
[Black "DEBMISRA, ARIV:K01-17314200"]
[Result "1/2-1/2"]
[ICCResult "Game drawn by repetition"]
[WhiteElo "728"]
[BlackElo "308"]
[Opening "Scandinavian: Marshall variation"]
[ECO "B01"]
[NIC "SD.03"]
[Time "11:00:33"]
[PlyCount "116"]
[TimeControl "2400+5"]

1. e4 d5 2. exd5 Nf6 3. d4 Nxd5 4. c4 Nf6 5. Nc3 c5 6. d5 e6 7. Bg5 Be7 8.
Nf3 exd5 9. Bxf6 Bxf6 10. Nxd5 O-O 11. Be2 Bxb2 12. Rb1 Bf6 13. O-O Nc6 14.
Qc2 Rb8 15. Rbd1 Nd4 16. Nxd4 Bxd4 17. Bd3 h6 18. Rfe1 Be6 19. Nf4 Re8 20.
Nxe6 fxe6 21. Bh7+ Kh8 22. Bg6 Rf8 23. Rxe6 Rxf2 24. Rxd4 Rxc2 25. Rxd8+
Rxd8 26. Bxc2 Kg8 27. Re2 a6 28. Kf2 b5 29. Bb3 Kf8 30. Re5 Rc8 31. Rf5+
Ke8 32. Re5+ Kf8 33. Re6 Ra8 34. Rc6 b4 35. Rxc5 a5 36. Rf5+ Ke8 37. Rf3 a4
38. Bd1 b3 39. axb3 a3 40. Re3+ Kf8 41. Bf3 a2 42. Bxa8 a1=Q 43. Bc6 Qb2+
44. Kg3 Qa3 45. Ba4 Qd6+ 46. Kf2 Qd2+ 47. Re2 Qf4+ 48. Kg1 Qc1+ 49. Kf2
Qf4+ 50. Kg1 Qc1+ 51. Kf2 Qf4+ 52. Kg1 Qc1+ 53. Kf2 Qf4+ 54. Kg1 Qc1+ 55.
Kf2 Qf4+ 56. Kg1 Qc1+ 57. Kf2 Qf4+ 58. Kg1 Qc1+ { Game drawn by repetition
} 1/2-1/2

[Event "ICC tourney 2601 (40 5)"]
[Site "Internet Chess Club"]
[Date "2021.06.13"]
[Round "4"]
[White "SMIRNOV, ALEXANDER:K01-30029349"]
[Black "LIN, MICHAEL:K01-17281737"]
[Result "0-1"]
[ICCResult "White checkmated"]
[WhiteElo "885"]
[BlackElo "520"]
[Opening "Sicilian: Hungarian variation"]
[ECO "B27"]
[NIC "SI.43"]
[Time "11:01:06"]
[PlyCount "134"]
[TimeControl "2400+5"]

1. e4 c5 2. Nf3 g6 3. Bc4 Bg7 4. d3 e6 5. O-O Nc6 6. Nc3 Nge7 7. Be3 d5 8.
exd5 exd5 9. Bxd5 Nxd5 10. Nxd5 Qxd5 11. c4 Qd6 12. Re1 O-O 13. Qd2 b6 14.
Rad1 Nd4 15. Nxd4 cxd4 16. Bf4 Qc6 17. b3 Bb7 18. f3 Rfe8 19. Bh6 Rad8 20.
Re4 Rxe4 21. fxe4 Be5 22. Rf1 Qc7 23. g3 Qe7 24. Qf2 Rd6 25. Bg5 f6 26. Bc1
Re6 27. g4 Ba8 28. g5 Kg7 29. Qh4 fxg5 30. Bxg5 Bf6 31. Qh6+ Kg8 32. Bf4
Bh4 33. Bc1 Re5 34. Qf4 Bg5 35. Qf2 Bxc1 36. Rxc1 Qd7 37. Rf1 Re8 38. h4
Qg7 39. Kh2 Rf8 40. Qxf8+ Qxf8 41. Rxf8+ Kxf8 42. Kg3 Ke7 43. Kf4 Kf6 44.
e5+ Ke6 45. Kg5 Kxe5 46. Kh6 Bf3 47. Kxh7 Bh5 48. Kh6 Kf4 49. Kg7 Ke3 50.
Kf6 Kxd3 51. Ke5 Kc3 52. Kd5 d3 53. Ke4 d2 54. Ke3 d1=Q 55. Kf4 Qd3 56. Ke5
Qd4+ 57. Ke6 Qxh4 58. Kd7 Qf6 59. Kc7 Qe6 60. Kb7 Qd6 61. Kxa7 Qc6 62. Ka6
b5+ 63. Ka5 b4 64. a4 Bf3 65. c5 Qxc5+ 66. Ka6 Qc7 67. a5 Be2# { White
checkmated } 0-1

[Event "ICC tourney 2601 (40 5)"]
[Site "Internet Chess Club"]
[Date "2021.06.13"]
[Round "4"]
[White "YANG, LUCAS:K01-16740405"]
[Black "CHANG, ANDREW:K01-30098602"]
[Result "1-0"]
[ICCResult "Black checkmated"]
[WhiteElo "1049"]
[BlackElo "774"]
[Opening "Scandinavian defense, Lasker variation"]
[ECO "B01"]
[NIC "SD.01"]
[Time "11:00:31"]
[PlyCount "81"]
[TimeControl "2400+5"]

1. e4 d5 2. exd5 Qxd5 3. Nc3 Qa5 4. d4 Nf6 5. Nf3 Bg4 6. h3 Bh5 7. Bf4 Nc6
8. d5 O-O-O 9. Bc4 e6 10. O-O exd5 11. Bb3 d4 12. Ne2 Bxf3 13. gxf3 g6 14.
Bxf7 Bg7 15. a3 Qh5 16. Be6+ Kb8 17. Ng3 Qh4 18. Qd2 Rhe8 19. Bg5 Bh6 20.
Bxh4 Bxd2 21. Bxf6 Rd6 22. Bf7 Rc8 23. Ne4 Rd7 24. Be6 Rdd8 25. Nxd2 Rd6
26. Bxc8 Rxf6 27. Bd7 Na5 28. Rfe1 a6 29. Re8+ Ka7 30. b4 Nc6 31. a4 Nxb4
32. Rh8 h5 33. a5 Nxc2 34. Rc1 d3 35. Nc4 Rf7 36. Be6 Re7 37. Bd5 Re2 38.
Be4 Ne1 39. Ne3 d2 40. Rxc7 Rxe3 41. Rxb7# { Black checkmated } 1-0

[Event "ICC tourney 2601 (40 5)"]
[Site "Internet Chess Club"]
[Date "2021.06.13"]
[Round "4"]
[White "YE, WANRU:K01-30135407"]
[Black "LIN, CARL:K01-17110834"]
[Result "0-1"]
[ICCResult "White checkmated"]
[WhiteElo "684"]
[BlackElo "313"]
[Opening "Giuoco Pianissimo: Italian four knights variation"]
[ECO "C47"]
[NIC "KP.06"]
[Time "11:00:36"]
[PlyCount "146"]
[TimeControl "2400+5"]

1. e4 e5 2. Nf3 Nc6 3. Nc3 Nf6 4. Bc4 Bc5 5. d3 h6 6. Bd2 d6 7. h3 Be6 8.
Bxe6 fxe6 9. O-O O-O 10. Qe2 Re8 11. Be3 Bb6 12. Bxb6 axb6 13. Rfe1 d5 14.
Rad1 Qe7 15. exd5 exd5 16. d4 e4 17. Nh4 Rad8 18. Nf5 Qe6 19. Ng3 Nh7 20.
Qg4 Qxg4 21. hxg4 Ng5 22. Nce2 e3 23. fxe3 Rxe3 24. Rd3 Rxd3 25. cxd3 Kf7
26. Kf2 Ne6 27. Nf5 Rf8 28. Ke3 Kg6 29. Rf1 Ra8 30. a3 Ra5 31. Nf4+ Nxf4
32. Rxf4 Ra8 33. Kf3 Re8 34. Kg3 Ne7 35. Nxe7+ Rxe7 36. Kh4 Re2 37. b3 Rxg2
38. Rf5 Rb2 39. Rxd5 Rxb3 40. Rd7 Rxa3 41. Rxc7 Rxd3 42. Rxb7 Rxd4 43.
Rxb6+ Kh7 44. Rb7 Rd6 45. Rf7 Kg6 46. Rf5 Rf6 47. Rxf6+ gxf6 48. Kg3 Kg5
49. Kh3 h5 50. gxh5 Kxh5 51. Kg3 Kg5 52. Kf3 Kf5 53. Kf2 Kf4 54. Kf1 Kf3
55. Kg1 f5 56. Kf1 f4 57. Ke1 Kg2 58. Ke2 f3+ 59. Ke3 f2 60. Ke4 f1=Q 61.
Ke5 Qf3 62. Ke6 Qf4 63. Ke7 Qf5 64. Kd6 Qe4 65. Kc5 Qd3 66. Kc6 Qd4 67. Kb5
Qc3 68. Ka4 Qb2 69. Ka5 Kf3 70. Ka4 Ke4 71. Ka5 Kd5 72. Ka4 Kc4 73. Ka5
Qb5# { White checkmated } 0-1

[Event "ICC tourney 2601 (40 5)"]
[Site "Internet Chess Club"]
[Date "2021.06.13"]
[Round "4"]
[White "HANKE, HARVEY:K01-17137475"]
[Black "YUE, TARIQ:K01-30014129"]
[Result "0-1"]
[ICCResult "White checkmated"]
[WhiteElo "1132"]
[BlackElo "1470"]
[Opening "Sicilian: Grand Prix attack"]
[ECO "B23"]
[NIC "SI.44"]
[Time "11:00:29"]
[PlyCount "88"]
[TimeControl "2400+5"]

1. e4 c5 2. Nc3 Nc6 3. f4 g6 4. Nf3 Bg7 5. Bc4 e6 6. d3 d6 7. O-O Nf6 8.
Bb3 O-O 9. Qe1 b6 10. Bd2 d5 11. e5 Ne8 12. Qg3 Nc7 13. Rae1 Ba6 14. a3 c4
15. dxc4 dxc4 16. Ba2 Nd5 17. Rf2 Nxc3 18. Bxc3 Ne7 19. Bb4 Nf5 20. Qh3 Re8
21. g4 Nd4 22. Nxd4 Qxd4 23. Bc3 Qc5 24. Qg3 Bb7 25. h4 Rad8 26. Kh2 Rd7
27. Bb4 Qc6 28. Bd6 Bf8 29. Bxf8 Rxf8 30. f5 Rfd8 31. fxe6 fxe6 32. Qf4 Qc5
33. Bxc4 Qe7 34. Qg3 Rd4 35. Bd3 h5 36. g5 Rg4 37. Qh3 Qc5 38. Rfe2 Rdd4
39. b4 Qc3 40. Qe3 Rxh4+ 41. Kg3 Rdg4+ 42. Kf2 Rg2+ 43. Kf1 Rh1+ 44. Qg1
Rhxg1# { White checkmated } 0-1

[Event "ICC tourney 2601 (40 5)"]
[Site "Internet Chess Club"]
[Date "2021.06.13"]
[Round "4"]
[White "SHANGIN, LEV:K01-17117362"]
[Black "AYYAPPAN, SANTHOSH:K01-16959235"]
[Result "0-1"]
[ICCResult "White checkmated"]
[WhiteElo "1044"]
[BlackElo "1641"]
[Opening "QGD: Lasker defense"]
[ECO "D56"]
[NIC "QO.13"]
[Time "11:00:35"]
[PlyCount "94"]
[TimeControl "2400+5"]

1. d4 d5 2. c4 e6 3. Nc3 Nf6 4. Bg5 Be7 5. Nf3 O-O 6. e3 h6 7. Bh4 Ne4 8.
Bxe7 Qxe7 9. Be2 Nxc3 10. bxc3 Nd7 11. O-O dxc4 12. Bxc4 b6 13. Rb1 Bb7 14.
a4 a5 15. Qe2 Nf6 16. Ne5 Ne4 17. f3 Nxc3 18. Qc2 Nxb1 19. Rxb1 Rad8 20.
Bd3 Qd6 21. Qc3 Rc8 22. Bc2 Ba6 23. Nc6 Ra8 24. Rb2 Bb7 25. Ne5 Rac8 26.
Qd3 f5 27. Bb3 c5 28. Nc4 Qc7 29. Ne5 Bd5 30. Bxd5 exd5 31. Qb5 Rf6 32. f4
Kh7 33. Rc2 Qd6 34. Qb3 c4 35. Qb5 Qb4 36. Qxb4 axb4 37. Kf2 b3 38. Rb2 Re6
39. Nxc4 dxc4 40. Ke2 c3 41. Rxb3 c2 42. d5 Rd6 43. Rc3 Rxc3 44. Kf3 c1=Q
45. Kg3 Qxe3+ 46. Kh4 Qxf4+ 47. Kh5 g6# { White checkmated } 0-1